 Dungeon Crawl Stone Soup version 0.21-a0-142-gdd972a7 (webtiles) character file.

2374 Banto the Slicer (level 9, -4/54 HPs)
             Began as a Demonspawn Skald on July 22, 2017.
             Was a Follower of Sif Muna.
             Slain by a wolf (8 damage)
             ... led by Grum
             ... on level 8 of the Dungeon.
             The game lasted 00:14:55 (6832 turns).

Banto the Slicer (Demonspawn Skald)                 Turns: 6832, Time: 00:14:56

Health: -4/54      AC:  9    Str: 13    XL:     9   Next: 21%
Magic:  10/10      EV: 12    Int: 18    God:    Sif Muna [*.....]
Gold:   283        SH:  0    Dex: 13    Spells: 6/12 levels left

rFire    . . .     SeeInvis .   n - +0 dagger (elec)
rCold    . . .     Gourm    .   (no shield)
rNeg     . . .     Faith    .   b - +1 leather armour
rPois    .         Spirit   .   (no helmet)
rElec    .         Reflect  .   (no cloak)
rCorr    +         Harm     .   i - +0 pair of gloves
MR       +....     Rnd*Tele +   (no boots)
Stlth    +++.......             t - amulet of rage
HPRegen  0.58/turn              m - ring of protection from magic
MPRegen  0.12/turn              (no ring)

@: no status effects
A: yellow scales 3, demonic guardian 1, frail 1, low mp 1, powered by pain 2,
regeneration 1, screaming 1, strong 1, teleportitis 1, subdued magic 1
a: Divine Energy, Renounce Religion, Evoke Berserk Rage


You were on level 8 of the Dungeon.
You worshipped Sif Muna.
Sif Muna was aware of your devotion.
You were not hungry.

You visited 2 branches of the dungeon, and saw 9 of its levels.

You collected 283 gold pieces.

Inventory:

Hand Weapons
 n - a +0 dagger of electrocution (weapon)
Armour
 b - a +1 leather armour (worn)
 i - a +0 pair of gloves (worn)
Jewellery
 m - a ring of protection from magic (left hand)
 r - an uncursed ring of ice
 t - an amulet of rage (around neck)
Wands
 j - a wand of flame (25/48)
 l - a wand of clouds (5/9)
 x - a wand of flame (32/48)
Scrolls
 e - a scroll of magic mapping
 f - a scroll of immolation
 h - a scroll of enchant weapon
 k - 3 scrolls of teleportation
 s - a scroll of enchant armour
 u - a scroll of blinking
Potions
 a - a potion of berserk rage
 c - 2 potions of lignification
 p - a potion of heal wounds
 q - a potion of invisibility
 v - a potion of haste
 w - 2 potions of curing {unknown}
Comestibles
 d - 5 bread rations
 g - 3 fruits
 o - 2 meat rations
 z - 5 chunks of flesh


   Skills:
 - Level 2.0 Fighting
 + Level 8.3 Short Blades
 - Level 0.8 Armour
 - Level 1.7 Dodging
 + Level 6.9 Stealth
 - Level 2.0 Spellcasting
 - Level 5.3 Charms
 - Level 0.2 Necromancy


You had 6 spell levels left.
You knew the following spells:

 Your Spells              Type           Power        Failure   Level  Hunger
a - Infusion              Chrm           ###.         1%          1    #......
b - Song of Slaying       Chrm           ###.....     2%          2    ###....
c - Regeneration          Chrm/Necr      #.........   19%         3    ###....


Dungeon Overview and Level Annotations

Branches:
Dungeon (8/15)             Temple (1/1) D:4            Lair (0/6) D:8

Altars:
Ashenzari
Cheibriados
Dithmenos
Elyvilon
Fedhas
Gozag
Hepliaklqana
Kikubaaqudgha
Makhleb
Nemelex Xobeh
Okawaru
Qazlal
Ru
Sif Muna
Trog
Uskayaw
Vehumet
Wu Jian
Xom
Yredelemnul
Zin
The Shining One

Shops:
D:5 [

Portals:
Abyss: D:1***

Annotations:
D:8 Grum


Innate Abilities, Weirdness & Mutations

You are completely covered in yellow scales. (AC +4, rCorr)
A weak demonic guardian rushes to your aid.
You sometimes gain power by taking damage.
You are frail. (-10% HP)
Your magical capacity is low. (-10% MP)
Your natural rate of healing is unusually fast.
You occasionally shout uncontrollably at your foes.
Your muscles are strong. (Str +2)
You are occasionally teleported next to monsters.
Your spells are a little easier to cast, but a little less powerful.


Message History

* * * LOW HITPOINT WARNING * * *
The wolf barely misses you.
The orc warrior hits you but does no damage.
The wolf completely misses you.
You take 8 damage, and have 13/54 hp.
The wolf bites you.
* * * LOW HITPOINT WARNING * * *
You take 3 damage, and have 10/54 hp.
Grum bares his teeth.
Your shadow imp hits the orc.
The wolf bites you.
* * * LOW HITPOINT WARNING * * *
The wolf bites you.
* * * LOW HITPOINT WARNING * * *
You take 6 damage, and have 4/54 hp.
The gnoll barely misses your shadow imp.
The orc hits your quasit with a club.
Your quasit misses the wolf.
Your quasit claws the wolf.
Your quasit claws the wolf but does no damage.
Your shadow imp barely misses the orc.
The wolf bites you!
You die...

.# #..........### ##
#......g...# #
#..........########. #
#................... #
#......g..{.########
...........5..## #####
##..........oo## #..<#
#########....5.####...#
...# #######hh@.....#
##....................#
#################...#
#..รท# #...# #...#
#####


You could see an orc warrior, 2 wolves, a gnoll, an orc, a friendly quasit and a
friendly shadow imp.

Vanquished Creatures
  A komodo dragon (D:8)
  Prince Ribbit (D:6)
  Sigmund (D:3)
  Menkaure (D:4)
  A sky beast (D:7)
  An ogre (D:5)
  A centaur (D:6)
  A wolf (D:8)
  A crocodile (D:5)
  A bullfrog (D:8)
  2 gnoll sergeants (D:8)
  4 wights (D:6)
  4 howler monkeys
  2 crimson imps
  3 orc wizards
  An orc priest (D:5)
  Jessica (D:3)
  2 iguanas
  5 worker ants
  A hound skeleton (D:4)
  2 gnolls (D:8)
  6 adders
  A howler monkey skeleton (D:6)
  2 shadow imps (D:5)
  An ooze (D:1)
  An adder skeleton (D:7)
  3 worms
  A dart slug (D:3)
  3 leopard geckos
  23 orcs
  4 ball pythons
  A giant cockroach (D:2)
  6 goblins
  6 hobgoblins
  11 jackals
  A quokka (D:5)
  3 bats
  A frilled lizard (D:2)
  8 kobolds
  A leopard gecko skeleton (D:4)
  6 rats
  A fungus (D:4)
127 creatures vanquished.

Vanquished Creatures (collateral kills)
  A black bear (D:6)
  An ogre (D:7)
  A bullfrog (D:8)
  A jelly (D:8)
  An iguana (D:8)
  An orc wizard (D:5)
  2 gnolls (D:8)
  2 orcs
  A jackal (D:6)
  A quokka (D:6)
12 creatures vanquished.

Vanquished Creatures (others)
  A plant (D:8)
1 creature vanquished.

Grand Total: 140 creatures vanquished

Notes
Turn   | Place    | Note
-------+----------+-------------------------------------------
     0 | D:1      | Banto the Demonspawn Skald began the quest for the Orb.
     0 | D:1      | Reached XP level 1. HP: 16/16 MP: 3/3
    43 | D:1      | Reached skill level 2 in Short Blades
   289 | D:1      | Gained mutation: You are partially covered in yellow scales. (AC +2) [demonic ancestry]
   289 | D:1      | Reached XP level 2. HP: 22/22 MP: 5/5
   563 | D:1      | Learned a level 2 spell: Song of Slaying
  1223 | D:2      | Gained mutation: You are mostly covered in yellow scales. (AC +3) [demonic ancestry]
  1223 | D:2      | Reached XP level 3. HP: 26/27 MP: 3/6
  1328 | D:2      | Found a faded altar of an unknown god.
  1996 | D:3      | Noticed Sigmund
  2015 | D:2      | Learned a level 3 spell: Regeneration
  2382 | D:3      | Found a basalt altar of Yredelemnul.
  2382 | D:3      | Found a deep blue altar of Sif Muna.
  2613 | D:3      | Noticed Jessica
  2627 | D:3      | Reached skill level 3 in Short Blades
  2638 | D:3      | Killed Jessica
  2638 | D:3      | Reached XP level 4. HP: 9/33 MP: 0/7
  3177 | D:4      | Found a blossoming altar of Fedhas.
  3217 | D:4      | Noticed Menkaure
  3282 | D:4      | Gained mutation: You sometimes gain a little power by taking damage. [demonic ancestry]
  3282 | D:4      | Reached XP level 5. HP: 14/38 MP: 8/8
  3328 | D:4      | HP: 2/57 [worm (7)]
  4032 | D:4      | Found a shimmering altar of Xom.
  4033 | D:4      | Found a hazy altar of Hepliaklqana.
  4033 | D:4      | Noticed a hell beast
  4055 | D:4      | Noticed a spectral ugly thing
  4055 | D:4      | Noticed a hell beast
  4130 | D:4      | Reached skill level 4 in Short Blades
  4324 | D:4      | Killed Menkaure
  4324 | D:4      | Gained mutation: A weak demonic guardian rushes to your aid. [demonic ancestry]
  4324 | D:4      | Reached XP level 6. HP: 35/44 MP: 9/9
  4394 | D:4      | Found a staircase to the Ecumenical Temple.
  4419 | Temple   | Entered the Ecumenical Temple
  4676 | D:3      | Killed Sigmund
  4676 | D:3      | Reached skill level 5 in Short Blades
  4676 | D:3      | Reached skill level 5 in Charms
  4731 | D:3      | Became a worshipper of Sif Muna the Loreminder
  4796 | D:5      | Entered Level 5 of the Dungeon
  4829 | D:5      | Reached XP level 7. HP: 41/50 MP: 10/10
  4982 | D:5      | Reached skill level 1 in Stealth
  5112 | D:5      | Found Ufergh's Antique Armour Shoppe.
  5496 | D:5      | Reached skill level 6 in Short Blades
  5604 | D:6      | Reached XP level 8. HP: 45/56 MP: 11/11
  5736 | D:6      | Gained mutation: You have a pair of small antennae on your head. [potion of mutation]
  5736 | D:6      | Gained mutation: Your mind is acute. (Int +2) [potion of mutation]
  5736 | D:6      | Gained mutation: You do not regenerate when monsters are visible. [potion of mutation]
  5736 | D:6      | Gained mutation: You are agile. (Dex +2) [potion of mutation]
  5737 | D:6      | Lost mutation: Your mind is acute. (Int +2) [potion of mutation]
  5737 | D:6      | Lost mutation: You are agile. (Dex +2) [potion of mutation]
  5737 | D:6      | Lost mutation: You have a pair of small antennae on your head. [potion of mutation]
  5737 | D:6      | Lost mutation: You do not regenerate when monsters are visible. [potion of mutation]
  5737 | D:6      | Gained mutation: Your natural rate of healing is unusually fast. [potion of mutation]
  5737 | D:6      | Gained mutation: You are frail. (-10% HP) [potion of mutation]
  5737 | D:6      | Gained mutation: You occasionally shout uncontrollably at your foes. [potion of mutation]
  5737 | D:6      | Gained mutation: You are completely covered in yellow scales. (AC +4, rCorr) [potion of mutation]
  5831 | D:6      | Noticed Prince Ribbit
  5901 | D:6      | Killed Prince Ribbit
  5901 | D:6      | Reached skill level 7 in Short Blades
  5901 | D:6      | Reached skill level 5 in Stealth
  6297 | D:7      | Gained mutation: You are occasionally teleported next to monsters. [mutagenic meat]
  6298 | D:7      | Gained mutation: Your magical capacity is low. (-10% MP) [mutagenic meat]
  6299 | D:7      | Gained mutation: Your muscles are strong. (Str +2) [mutagenic meat]
  6300 | D:7      | Gained mutation: Your spells are a little easier to cast, but a little less powerful. [mutagenic meat]
  6594 | D:8      | Found a stormy altar of Qazlal.
  6600 | D:8      | Reached * piety under Sif Muna
  6683 | D:8      | Gained mutation: You sometimes gain power by taking damage. [demonic ancestry]
  6683 | D:8      | Reached XP level 9. HP: 38/54 MP: 10/10
  6711 | D:8      | Found a staircase to the Lair.
  6712 | D:8      | Noticed a komodo dragon
  6729 | D:8      | Reached skill level 8 in Short Blades
  6743 | D:8      | Killed a komodo dragon
  6802 | D:8      | Noticed Grum
  6832 | D:8      | Slain by a wolf

Vault maps used:
D:1:      minmay_arrival_glassed_features
D:2:      chequers_ecumenical_altar_twisty, grunt_ministairs_1
D:3:      amethyst_overflow_temple_binary, kennysheep_generic_room_3,
          uniq_crazy_yiuf_cottage, uniq_jessica, uniq_sigmund
D:4:      regret_index_temple_of_mockery, minmay_temple_entry_crystal_x,
          first_bread, fedhas_altar_3, uniq_menkaure
D:5:      serial_shops, nicolae_shop_statue_plus
D:6:      uniq_prince_ribbit1
D:8:      david_lair_shrubbed, basic_altar, uniq_maurice, uniq_grum
Temple:   compressed_dpeg_circular_temple

Skill      XL: |  1  2  3  4  5  6  7  8  9 |
---------------+----------------------------+-----
Short Blades   | 2 3 4 5 6 7 8 |  8.3
Charms         | 3 4 5 |  5.3
Stealth        | 3 6 |  6.9
Fighting       | |  2.0
Armour         | |  0.8
Dodging        | |  1.7
Spellcasting   | |  2.0
Necromancy     | |  0.2

Action                   |  1- 3 |  4- 6 |  7- 9 || total
-------------------------+-------+-------+-------++-------
Melee: Short sword       |   147 |       |       ||   147
       Dagger            |       |   124 |   246 ||   370
 Cast: Infusion          |    17 |     2 |     3 ||    22
       Song of Slaying   |     1 |       |       ||     1
Evoke: Wand              |       |       |     9 ||     9
  Use: Scroll            |     8 |     4 |     7 ||    19
       Potion            |     1 |     3 |     3 ||     7
 Stab: Invisible         |       |     2 |       ||     2
       Sleeping          |       |     1 |     6 ||     7
       Confused          |       |       |     1 ||     1
  Eat: Chunk             |     6 |     7 |    12 ||    25
Armor: Leather armour    |    38 |    32 |    63 ||   133
       Skin              |     8 |     9 |       ||    17
Dodge: Dodged            |    77 |    41 |   141 ||   259

Table legend:
 A = Turns spent in this place as a percentage of turns spent in the entire game.
 B = Non-inter-level travel turns spent in this place as a percentage of non-inter-level travel turns spent in the entire game.
 C = Inter-level travel turns spent in this place as a percentage of turns spent in this place.
 D = Turns resting spent in this place as a percentage of non-inter-level travel turns spent in this place.
 E = Turns spent auto-exploring this place as a percentage of non-inter-level travel turns spent in this place.
 F = Non-inter-level travel turns spent in this place divided by the number of levels of this place that you've seen.
                   A       B       C       D       E      F
               +-------+-------+-------+-------+-------+----------------------
         Total | 100.0 | 100.0 |   1.0 |   5.3 |  11.9 | 211.4
       Dungeon |  98.8 |  98.8 |   0.9 |   5.4 |  11.2 | 235.1
        Temple |   1.2 |   1.2 |   8.3 |   0.0 |  77.3 |  22.0
               +-------+-------+-------+-------+-------+----------------------

Table legend:
 A = Kills in this place as a percentage of kills in entire the game.
 B = Kills by you in this place as a percentage of kills by you in the entire game.
 C = Kills by friends in this place as a percentage of kills by friends in the entire game.
 D = Other kills in this place as a percentage of other kills in the entire game.
 E = Experience gained in this place as a percentage of experience gained in the entire game.
 F = Experience gained in this place divided by the number of levels of this place that you have seen.
                   A       B       C       D       E      F
               +-------+-------+-------+-------+-------+----------------------
         Total | 100.0 | 100.0 | 100.0 | 100.0 | 100.0 | 376.9
       Dungeon | 100.0 | 100.0 | 100.0 | 100.0 | 100.0 | 424.0
               +-------+-------+-------+-------+-------+----------------------
